 Seeded DCSS version 0.28.0-45-g0d030f2227 (webtiles) character file.

Game seed: 17428681369516740799 (custom seed)

97 NinjaNoafa the Sneak (level 5, -7/32 HPs)
             Began as a Kobold Brigand on Apr 18, 2022.
             Killed by nerve-wracking pain
             ... invoked by Grinder
              (13 damage)
             ... while paralysed by Grinder
             ... on level 3 of the Dungeon.
             The game lasted 00:05:08 (2548 turns).

NinjaNoafa the Sneak (Kobold Brigand)               Turns: 2548, Time: 00:05:09

Health: -7/32      AC:  5    Str:  8    XL:     5   Next: 0%
Magic:  6/6        EV:  3    Int: 12    God:
Gold:   97         SH:  0    Dex: 19    Spells: 5/5 levels left

rFire   x . .      SeeInvis .   n - +1 dagger (venom)
rCold   + . .      Faith    .   (no shield)
rNeg    . . .      Spirit   .   b - +0 robe
rPois   .          Reflect  .   (no helmet)
rElec   .          Harm     .   c - +0 cloak
rCorr   .          Rampage  .   j - +0 pair of gloves
Will    .....                   f - +0 pair of boots
Stlth   ++++......              (no amulet)
HPRegen 0.10/turn               g - +4 ring of slaying
MPRegen 0.10/turn               i - ring of ice

@: paralysed
A: small, no large weapons, nightstalker 3
a: no special abilities


You were on level 3 of the Dungeon.
You visited 1 branch of the dungeon, and saw 3 of its levels.

You collected 97 gold pieces.

Inventory:

Hand Weapons
 a - a +2 dagger
 n - a +1 dagger of venom (weapon)
Missiles
 d - 3 poisoned darts (quivered)
 e - 2 curare-tipped darts
 s - 19 stones
Armour
 b - a +0 robe (worn)
 c - a +0 cloak (worn)
 f - a +0 pair of boots (worn)
 j - a +0 pair of gloves (worn)
Jewellery
 g - a +4 ring of slaying (left hand)
 i - a ring of ice (right hand)
Wands
 q - a wand of iceblast (8)
Scrolls
 h - a scroll of amnesia
 o - 2 scrolls of teleportation
 p - a scroll of magic mapping
Potions
 k - a potion of resistance {unknown}
 l - a potion of curing {unknown}
 m - 2 potions of brilliance {unknown}
 r - a potion of lignification {unknown}


   Skills:
 + Level 2.8 Fighting
 + Level 3.5 Short Blades
 + Level 2.8 Throwing
 + Level 2.3 Dodging
 + Level 5.9 Stealth
 + Level 0.8 Spellcasting
 + Level 0.5 Conjurations
 + Level 0.5 Air Magic
 * Level 0.1 Evocations


You had 5 spell levels left.
You didn't know any spells.
Your spell library contained the following spells:

 Spells                   Type           Power      Damage    Failure   Level
 Shock                    Conj/Air       4%         1d3       24%         1
 Swiftness                Air            1%         N/A       58%         3
 Airstrike                Air            0%         N/A       94%         4


Dungeon Overview and Level Annotations

Branches:
Dungeon (3/15)

Altars:
Vehumet

Annotations:
D:3 Grinder


Innate Abilities, Weirdness & Mutations

You are small and have problems with some larger weapons.
You are completely attuned to the shadows.


Message History

The orc shouts!
You barely miss the orc.
The orc is moderately wounded.
The orc hits you but does no damage.
You closely miss the orc.
The orc is moderately wounded.
The orc barely misses you.
You hit the orc but do no damage.
The orc looks even sicker.
The orc is heavily wounded.
You hit the orc.
You kill the orc!
Things that are here:
a +0 whip; a +0 leather armour
m - 2 glowing coppery potions (gained 1)
A ball python comes into view.
o - 2 scrolls of teleportation (gained 1)
A hobgoblin comes into view.
The helpless hobgoblin fails to defend itself.
You impale the hobgoblin!!
You kill the hobgoblin!
You have reached level 5!
You feel agile.
You see here a hobgoblin corpse.
Found a lajatang.
You see here a +0 lajatang.
Grinder comes into view.
You throw a poisoned dart. The poisoned dart hits Grinder.
You throw a poisoned dart. The poisoned dart hits Grinder.
Grinder says, "Just stop there for a second..."
Grinder gestures at you.
You suddenly lose the ability to move!
Grinder hits you!
You writhe in agony.
Grinder hits you! Grinder hits you.
* * * LOW HITPOINT WARNING * * *
You writhe in agony.
* * * LOW HITPOINT WARNING * * *
Grinder gestures at you. Pain shoots through your body!
You die...

# # #
.....#..
#
#...(...
. #
#..(....
#.##
#..5..#.
#...
#..@....
###.
###.##.#
#. #.#
#. #.#
## #.#
#.# #.#
#.# #.#
.


You could see Grinder.

Vanquished Creatures
  Ijyb (D:3)
  A gnoll (D:1)
  An adder (D:2)
  A dart slug (D:1)
  An orc (D:3)
  2 bats
  3 endoplasms
  6 giant cockroaches
  4 goblins
  8 hobgoblins
  2 jackals (D:2)
  2 ball pythons
  A frilled lizard (D:2)
  6 kobolds
  7 rats
46 creatures vanquished.

Vanquished Creatures (others)
  A demonic plant (D:1)
1 creature vanquished.

Grand Total: 47 creatures vanquished

Notes
Turn   | Place    | Note
-------+----------+-------------------------------------------
     0 | D:1      | NinjaNoafa the Kobold Brigand began the quest for the Orb.
     0 | D:1      | Reached XP level 1. HP: 12/12 MP: 1/1
   256 | D:1      | Found a faded altar of an unknown god.
   385 | D:1      | Reached XP level 2. HP: 18/18 MP: 2/2
   612 | D:1      | Reached XP level 3. HP: 22/22 MP: 3/3
  1408 | D:2      | Found a radiant altar of Vehumet.
  1647 | D:2      | Reached XP level 4. HP: 25/27 MP: 4/4
  2353 | D:3      | Noticed Ijyb
  2355 | D:3      | Killed Ijyb
  2478 | D:3      | Reached XP level 5. HP: 32/32 MP: 6/6
  2540 | D:3      | Noticed Grinder
  2543 | D:3      | Paralysed by Grinder for 5 turns
  2548 | D:3      | Killed from afar by Grinder

Illustrated notes

Levels and vault maps discovered:
D:1:      dpeg_arrival_radiant, layout_basic, shapermc_ecumenical_altar_gd,
          minmay_misc_feat_rugged, minmay_misc_feat_doors
D:2:      layout_basic, basic_altar
D:3:      layout_rooms, uniq_grinder, uniq_ijyb

Skill      XL: |  1  2  3 |
---------------+----------+-----
Short Blades   | 3 |  3.5
Dodging        | 2 |  2.3
Fighting       | |  2.8
Throwing       | |  2.8
Stealth        | |  5.9
Spellcasting   | |  0.8
Conjurations   | |  0.5
Air Magic      | |  0.5
Evocations     | |  0.1

Action                   |  1- 3 |  4- 6 || total
-------------------------+-------+-------++-------
Melee: Dagger            |    51 |    29 ||    80
       Punch             |     1 |     1 ||     2
Throw: Dart              |     1 |    11 ||    12
  Use: Scroll            |     3 |       ||     3
 Stab: Sleeping          |    12 |     8 ||    20
Armor: Robe              |    12 |     6 ||    18
Dodge: Dodged            |    27 |    11 ||    38
